[Event "Titled Tuesday Blitz April 25 Late 2023"]
[White "Ezat, Mohamed"]
[Black "Arencibia Monduy, Antonio"]
[WhiteFideId "10600906"]
[BlackFideId "3507939"]
[WhiteElo "2386"]
[BlackElo "2122"]
[Result "0-1"]
[Round "11"]
[TimeControl "180+2"]
[Date "2023.04.25"]
[WhiteClock "0:02:53"]
[BlackClock "0:02:10"]

1. d4 Nf6 2. c4 e6 3. Nc3 d5 4. cxd5 exd5 5. Bg5 Be7 6. e3 c6 7. Qc2 O-O 8. Bd3 h6 9. Bxf6 Bxf6 10. Nge2 Nd7 11. O-O Re8 12. b4 a6 13. Na4 Nb6 14. Nc5 Qe7 15. a4 Be6 16. b5 axb5 17. axb5 Rxa1 18. Rxa1 cxb5 19. Bxb5 Ra8 20. Ra7 Rxa7 0-1


[Site "https://www.chess.com"]

[Event "Titled Tuesday Blitz April 25 Late 2023"]
[White "Bruedigam, Martin"]
[Black "Lorenzo De La Riva, Lazaro"]
[WhiteFideId "24608033"]
[BlackFideId "2268809"]
[WhiteElo "2331"]
[BlackElo "2294"]
[Result "1-0"]
[Round "11"]
[TimeControl "180+2"]
[Date "2023.04.25"]
[WhiteClock "0:00:03"]
[BlackClock "0:00:21"]

1. d4 Nc6 2. e4 Nf6 3. e5 Nd5 4. Nf3 d6 5. Be2 Bg4 6. exd6 cxd6 7. h3 Bh5 8. c4 Nb6 9. g4 Bg6 10. d5 Nb8 11. Nc3 N8d7 12. Be3 Rc8 13. b3 e5 14. h4 h6 15. h5 Bh7 16. Qd2 Be7 17. O-O-O Nc5 18. Kb2 a5 19. g5 hxg5 20. Nxg5 Bf5 21. Rdg1 a4 22. Bxc5 Rxc5 23. Nge4 Rc8 24. Rxg7 axb3 25. axb3 Bxe4 26. Nxe4 f5 27. Ng5 Bf6 28. Ne6 e4+ 29. Kc2 Ra8 30. Qb4 Ra2+ 31. Kd1 Bxg7 32. Nxd8 Nd7 33. Ne6 Be5 34. Rf1 Ke7 35. f4 exf3 36. Rxf3 Rha8 37. Ke1 Rb2 38. Re3 Raa2 39. Qxb7 f4 40. Rxe5 f3 41. Nc5+ Kf6 42. Nxd7+ Kg7 43. Nc5+ Kh6 44. Re6+ Kg5 45. Qg7+ Kf4 46. Qf6+ Kg3 47. Qxf3+ Kh4 48. Qg4# 1-0


[Site "https://www.chess.com"]

[Event "Titled Tuesday Blitz April 25 Late 2023"]
[White "Espinosa, Pedro"]
[Black "Rangel, Daniel"]
[WhiteFideId "30921066"]
[BlackFideId "2124475"]
[WhiteElo "2016"]
[BlackElo "2256"]
[Result "1-0"]
[Round "11"]
[TimeControl "180+2"]
[Date "2023.04.25"]
[WhiteClock "0:00:11"]
[BlackClock "0:00:15"]

1. d4 Nf6 2. c4 e6 3. Nf3 c5 4. d5 exd5 5. cxd5 d6 6. Nc3 g6 7. Nd2 Bg7 8. e4 O-O 9. Be2 Re8 10. O-O b6 11. a4 Ba6 12. Bb5 Bxb5 13. axb5 Nbd7 14. h3 Qc7 15. Qc2 c4 16. Ra4 Rac8 17. Rxc4 Qb8 18. Rxc8 Rxc8 19. Qd3 Ne5 20. Qe2 g5 21. Nf3 Nxf3+ 22. Qxf3 h6 23. Be3 Rc4 24. Rd1 Qe8 25. Bd4 Nd7 26. Bxg7 Kxg7 27. h4 Ne5 28. Qg3 Qd8 29. f4 Ng6 30. hxg5 hxg5 31. Qxg5 Qxg5 32. fxg5 Rb4 33. Ra1 Rxb2 34. Rxa7 Nf4 35. Ra6 Rb3 36. Na4 Rxb5 37. Rxb6 Ra5 38. Nb2 Ra1+ 39. Kf2 Rb1 40. Nc4 Rc1 41. Nxd6 Rc2+ 42. Kf3 Nxg2 43. Nf5+ Kh7 44. Ne3 Rc3 45. Kxg2 Rxe3 46. g6+ fxg6 47. Re6 Kg7 48. Kf2 Ra3 49. d6 Kf7 50. Re7+ Kf6 51. e5+ Kf5 52. d7 Rd3 53. e6 Rd6 54. Re8 1-0


[Site "https://www.chess.com"]

[Event "Titled Tuesday Blitz April 25 Late 2023"]
[White "Deviprasath, Sharvesh"]
[Black "Munoz, Francisco Javier"]
[WhiteFideId "30938228"]
[BlackFideId "128368"]
[WhiteElo "2168"]
[BlackElo "2383"]
[Result "1-0"]
[Round "11"]
[TimeControl "180+2"]
[Date "2023.04.25"]
[WhiteClock "0:00:21"]
[BlackClock "0:00:05"]

1. e4 e5 2. Nf3 Nc6 3. Bb5 a6 4. Ba4 Nge7 5. O-O g6 6. c3 Bg7 7. d4 exd4 8. cxd4 O-O 9. d5 b5 10. Bc2 Na5 11. Nc3 d6 12. h3 c5 13. dxc6 Nexc6 14. Bf4 Nc4 15. Bb3 N6a5 16. Bg5 Bf6 17. Bxf6 Qxf6 18. Rc1 Bb7 19. Bxc4 Nxc4 20. b3 Ne5 21. Nxe5 dxe5 22. Qd7 Rab8 23. Rfd1 Qg5 24. Nd5 Bxd5 25. exd5 Rfd8 26. Qc6 e4 27. d6 e3 28. fxe3 Qxe3+ 29. Kh1 Qe6 30. Qxa6 Rd7 31. Rc7 Kg7 32. Qc6 Rbd8 33. Rxd7 Rxd7 34. Qxb5 Rxd6 35. Rxd6 Qxd6 36. Qe2 Qf4 37. a4 Qb4 38. Qd1 h5 39. Qa1+ Kh7 40. Qd1 h4 41. Kg1 Kg7 42. Kf1 g5 43. Qa1+ Kg6 44. Qb1+ f5 45. Qd3 Qf4+ 46. Ke2 Qb4 47. Qc4 Qe7+ 48. Kf2 Qa7+ 49. Kf1 Qe3 50. a5 f4 51. a6 f3 52. Qc6+ Kg7 53. Qxf3 Qc1+ 54. Kf2 Qc5+ 55. Qe3 Qc2+ 56. Kg1 Qd1+ 57. Kf2 Qc2+ 58. Kf3 Qf5+ 59. Ke2 Qc2+ 60. Qd2 Qe4+ 61. Kf2 Qf5+ 62. Kg1 Qc5+ 63. Qf2 Qc1+ 64. Qf1 Qc5+ 65. Kh1 Qa7 66. Qc4 Kf6 67. b4 Qf2 68. Qc6+ Kg7 69. Qb7+ Kh6 70. Qc6+ Kg7 71. Qf3 Qe1+ 72. Kh2 Qe5+ 73. g3 hxg3+ 74. Qxg3 Qe2+ 75. Qg2 Qe5+ 76. Kh1 Qe1+ 77. Qg1 Qe4+ 78. Kh2 Qe5+ 79. Qg3 Qe2+ 80. Kg1 Qd1+ 81. Kf2 Qd4+ 82. Kf3 Qd3+ 83. Kg4 Qe4+ 84. Kh5 Qg6+ 85. Kg4 Qe4+ 86. Kxg5 Qxb4 87. Qe5+ Kf7 88. Qf6+ Kg8 89. Qg6+ Kf8 90. Qf5+ Kg8 91. Qd5+ Kg7 92. Qb7+ Kg8 93. Qxb4 1-0


[Site "https://www.chess.com"]

[Event "Titled Tuesday Blitz April 25 Late 2023"]
[White "Przybylski, Wojciech"]
[Black "Albuquerque Junior,Wellington S."]
[WhiteFideId "1117599"]
[BlackFideId "2151480"]
[WhiteElo "2222"]
[BlackElo "2109"]
[Result "1/2-1/2"]
[Round "11"]
[TimeControl "180+2"]
[Date "2023.04.25"]
[WhiteClock "0:00:08"]
[BlackClock "0:00:09"]

1. e4 c5 2. Nf3 d6 3. a4 Nf6 4. Nc3 e6 5. d3 Be7 6. g3 Nc6 7. Bg2 O-O 8. O-O Rb8 9. h3 a6 10. Nd2 Bd7 11. f4 b5 12. axb5 axb5 13. g4 Nd4 14. Ne2 Nxe2+ 15. Qxe2 Ne8 16. Nf3 Bc6 17. Bd2 b4 18. f5 exf5 19. gxf5 Bf6 20. c3 bxc3 21. bxc3 Nc7 22. Qe3 Re8 23. Qf4 Rb2 24. Rab1 Rxb1 25. Rxb1 Qd7 26. Re1 Nb5 27. Rc1 Ra8 28. Rc2 Ra1+ 29. Kh2 h6 30. Qe3 Kh7 31. Be1 Na3 32. Re2 Nb1 33. d4 cxd4 34. cxd4 Ra3 35. Qf4 Nc3 36. Re3 Nb1 37. e5 Rxe3 38. Qxe3 dxe5 39. dxe5 Bxf3 40. Bxf3 Bg5 41. Qe2 Qc7 42. Bg3 Nc3 43. Qc2 Nb5 44. Qxc7 Nxc7 45. e6 Nxe6 46. fxe6 fxe6 47. Bg4 e5 48. h4 Bf4 49. Kh3 g6 50. Bf2 h5 51. Bf3 Kh6 52. Be4 g5 53. hxg5+ Kxg5 54. Bc5 Kh6 55. Be7 Bg5 56. Bd6 Bf4 57. Kh4 Bh2 58. Bc7 Bf4 59. Kh3 Kg5 60. Kg2 h4 61. Bd5 Kg4 62. Be6+ Kg5 63. Kh3 Kf6 64. Bd5 Kg5 65. Be4 Bg3 66. Bd6 Kf4 67. Bc6 Ke3 68. Bc5+ Kf4 69. Bd6 Ke3 70. Kg4 Kd4 71. Bc7 e4 72. Bb6+ Kd3 73. Kf5 e3 74. Bb5+ Kd2 75. Ba5+ Kd1 76. Ke4 e2 77. Kf3 e1=Q 78. Bxe1 Kxe1 79. Kg2 Kd2 80. Kh3 Ke3 81. Bc6 Kf4 82. Bd7 Kg5 83. Bc8 Be5 84. Bd7 Bg3 85. Bc8 Be5 86. Bd7 Bg3 1/2-1/2


[Site "https://www.chess.com"]

[Event "Titled Tuesday Blitz April 25 Late 2023"]
[White "Tomaszewski, Kacper"]
[Black "Tsyhanchuk, Stanislav"]
[WhiteFideId "1127373"]
[BlackFideId "13505130"]
[WhiteElo "2211"]
[BlackElo "2173"]
[Result "1-0"]
[Round "11"]
[TimeControl "180+2"]
[Date "2023.04.25"]
[WhiteClock "0:00:11"]
[BlackClock "0:00:04"]

1. d4 Nf6 2. c4 e6 3. Nc3 Bb4 4. Bf4 c5 5. e3 O-O 6. Ne2 d6 7. a3 Ba5 8. Qc2 Nc6 9. O-O-O cxd4 10. exd4 a6 11. g4 Nxg4 12. Rg1 f5 13. Ng3 Qf6 14. h3 Nxd4 15. Rxd4 Qxd4 16. Nge2 Qxf2 17. hxg4 Bb6 18. gxf5 Qe1+ 19. Qd1 Qxd1+ 20. Kxd1 Bxg1 21. Nxg1 e5 22. Be3 Bxf5 23. Bg2 Bg4+ 24. Kd2 Rab8 25. Nd5 b5 26. Ne7+ Kh8 27. Nc6 Rbc8 28. cxb5 axb5 29. Ne2 Bf5 30. Nc3 h6 31. Ne7 Rb8 32. Ncd5 Be6 33. Ng6+ Kh7 34. Nxf8+ Rxf8 35. Nc7 Bf5 36. Nxb5 d5 37. Bc5 Rb8 38. a4 d4 39. Bd6 Re8 40. Bc6 Rc8 41. Na7 Rd8 42. Bxe5 d3 43. Nb5 Rc8 44. Nd4 Bg6 45. b4 h5 46. b5 h4 47. b6 Rf8 48. b7 Rf2+ 49. Ke3 d2 50. b8=Q d1=Q 51. Kxf2 Qd2+ 52. Ne2 h3 53. Bh2 Qg5 54. Qg3 Qc5+ 55. Qe3 Qxc6 56. Qxh3+ Kg8 57. Qf3 Qb6+ 58. Qe3 Qf6+ 59. Qf3 Qb6+ 60. Qe3 Qf6+ 61. Bf4 Bf5 62. a5 Qh4+ 63. Bg3 Qh3 64. Qe8+ Kh7 65. Nf4 Qg4 66. Qh5+ Qxh5 67. Nxh5 Bd3 68. Nf4 Ba6 69. Nd5 Bb5 70. Nb4 Bc4 71. Ke3 Bb5 72. Kf4 Kh6 73. Bh4 Kh5 74. Bg5 g6 75. Nd5 Bd3 76. Nf6# 1-0


[Site "https://www.chess.com"]

[Event "Titled Tuesday Blitz April 25 Late 2023"]
[White "Erzhanov, Arman"]
[Black "Garmash, Aliona"]
[WhiteFideId "4138821"]
[BlackFideId "34127620"]
[WhiteElo "2138"]
[BlackElo "1959"]
[Result "1-0"]
[Round "11"]
[TimeControl "180+2"]
[Date "2023.04.25"]
[WhiteClock "0:01:10"]
[BlackClock "0:00:06"]

1. e4 g6 2. d4 Bg7 3. Nc3 d6 4. h3 Nf6 5. g4 h5 6. g5 Nfd7 7. Bg2 e6 8. h4 c5 9. d5 Ne5 10. Nge2 O-O 11. f4 Ng4 12. dxe6 fxe6 13. O-O Nc6 14. Kh1 Rb8 15. a4 b6 16. Ng3 Bb7 17. Bf3 Nd4 18. Bxg4 hxg4 19. Qxg4 Qe7 20. Rf2 a6 21. h5 gxh5 22. Qxh5 Ra8 23. Rh2 b5 24. Be3 b4 25. Nd1 a5 26. Nf2 Rac8 27. Ng4 Rf7 28. g6 Rf6 29. Qh7+ Kf8 30. Rf1 Bc6 31. b3 Qe8 32. Nxf6 Bxf6 33. f5 e5 34. Bh6+ 1-0


[Site "https://www.chess.com"]

[Event "Titled Tuesday Blitz April 25 Late 2023"]
[White "Spata, German"]
[Black "Seletsky, Grigory"]
[WhiteFideId "113026"]
[BlackFideId "14112191"]
[WhiteElo "2238"]
[BlackElo "2490"]
[Result "1/2-1/2"]
[Round "11"]
[TimeControl "180+2"]
[Date "2023.04.25"]
[WhiteClock "0:01:03"]
[BlackClock "0:00:46"]

1. Nf3 c5 2. c4 b6 3. b3 Bb7 4. Bb2 Nf6 5. g3 g6 6. Bg2 Bg7 7. O-O O-O 8. Nc3 d6 9. d4 cxd4 10. Qxd4 Ne4 11. Qd3 Nxc3 12. Bxc3 Nd7 13. Bxg7 Kxg7 14. Rad1 Nf6 15. h4 Qc7 16. Rfe1 Be4 17. Qd4 Qb7 18. Rd2 h5 19. Red1 Rfc8 20. Ne1 Bxg2 21. Nxg2 Qe4 22. Qb2 Rab8 23. Nf4 Kg8 24. Rd4 Qf5 25. Nd5 Nxd5 26. Rxd5 Qe6 27. R1d3 Rc5 28. Re3 Qd7 29. Qd4 Rbc8 30. Qe4 Rxd5 31. Qxd5 Rc5 32. Qe4 Rc7 33. Kg2 Kg7 34. Qd4+ Kg8 35. Rd3 Qc6+ 36. e4 Qc5 37. f4 b5 38. Qxc5 Rxc5 39. cxb5 Rc2+ 40. Kf3 Rxa2 41. Rc3 Ra5 42. Rc7 Rxb5 43. Rxe7 Rxb3+ 44. Kf2 a5 45. Ra7 Rb5 46. Ra6 d5 47. e5 Rb2+ 48. Ke3 Rb3+ 49. Kf2 Rb2+ 50. Ke3 Rb3+ 51. Kf2 Rb5 52. Ke3 Rb3+ 1/2-1/2


[Site "https://www.chess.com"]

[Event "Titled Tuesday Blitz April 25 Late 2023"]
[White "Golubev, Mikhail"]
[Black "Vlassov, Nikolai"]
[WhiteFideId "14100983"]
[BlackFideId "4103360"]
[WhiteElo "2374"]
[BlackElo "2324"]
[Result "1-0"]
[Round "11"]
[TimeControl "180+2"]
[Date "2023.04.25"]
[WhiteClock "0:00:23"]
[BlackClock "0:00:12"]

1. e4 Nc6 2. Nf3 d5 3. exd5 Qxd5 4. c4 Qh5 5. d4 Bg4 6. Be2 O-O-O 7. O-O Nf6 8. d5 e6 9. h3 exd5 10. hxg4 Nxg4 11. Bf4 dxc4 12. Nh2 Rxd1 13. Bxg4+ Qxg4 14. Nxg4 Rd4 15. g3 g5 16. Be5 Nxe5 17. Nxe5 Bg7 18. Nxf7 Re8 19. Nc3 h6 20. Rfe1 Rxe1+ 21. Rxe1 Rd2 22. Re8+ Kd7 23. Rd8+ Ke7 24. Rxd2 Kxf7 25. Rd7+ Kf8 26. Rxc7 b5 27. Nxb5 1-0


[Site "https://www.chess.com"]

[Event "Titled Tuesday Blitz April 25 Late 2023"]
[White "Fiorito, Francisco"]
[Black "D`Arruda, Ricardo D."]
[WhiteFideId "180165"]
[BlackFideId "100692"]
[WhiteElo "2341"]
[BlackElo "2271"]
[Result "1-0"]
[Round "11"]
[TimeControl "180+2"]
[Date "2023.04.25"]
[WhiteClock "0:01:32"]
[BlackClock "0:00:10"]

1. d4 Nf6 2. Nc3 d5 3. Bf4 c6 4. e3 g6 5. Be2 Bg7 6. Nf3 O-O 7. Ne5 Nbd7 8. h4 h5 9. Rg1 Qa5 10. Qd2 Nxe5 11. Bxe5 Ng4 12. Bxg7 Kxg7 13. f3 Nf6 14. g4 Re8 15. gxh5 Nxh5 16. f4 Nf6 17. h5 Bf5 18. hxg6 fxg6 19. Bd3 Bg4 20. Rxg4 Nxg4 21. Qg2 Rh8 22. Qxg4 Rh1+ 23. Kd2 Rxa1 24. Qxg6+ Kf8 25. Qh6+ Ke8 26. Qh8+ Kd7 27. Qxa8 Qb4 28. b3 Rg1 29. Qh8 Rg2+ 30. Kd1 Qxc3 31. Qh3+ Kc7 32. Qxg2 Qa1+ 33. Kd2 Qxa2 34. b4 Qa3 35. c3 a5 36. bxa5 Qxa5 37. Qg7 Qa2+ 38. Bc2 Kd7 39. f5 1-0


[Site "https://www.chess.com"]

[Event "Titled Tuesday Blitz April 25 Late 2023"]
[White "Mickiewicz, Piotr"]
[Black "Ladan, Nicholas"]
[WhiteFideId "1114891"]
[BlackFideId "30918855"]
[WhiteElo "2246"]
[BlackElo "2167"]
[Result "0-1"]
[Round "11"]
[TimeControl "180+2"]
[Date "2023.04.25"]
[WhiteClock "0:00:02"]
[BlackClock "0:00:06"]

1. Nf3 d5 2. e3 c5 3. Bb5+ Bd7 4. a4 Nf6 5. Bxd7+ Qxd7 6. Qe2 Nc6 7. d3 g6 8. e4 Bg7 9. O-O O-O 10. e5 Ng4 11. Bf4 Qf5 12. Bg3 Ngxe5 13. Nxe5 Nxe5 14. Nc3 e6 15. a5 Nc6 16. a6 b6 17. Rfe1 h5 18. h3 Rfe8 19. Qd2 Nd4 20. Ra2 b5 21. Ne2 Nxe2+ 22. Rxe2 c4 23. d4 e5 24. dxe5 Bxe5 25. Bxe5 Rxe5 26. Rxe5 Qxe5 27. c3 Rd8 28. Ra5 d4 29. cxd4 Rxd4 30. Rxb5 Qxb5 31. Qxd4 Qxa6 32. h4 Qa4 33. g4 hxg4 34. Qxg4 Qb5 35. Qd4 a5 36. Kh2 a4 37. Kg3 Qb3+ 38. f3 c3 39. bxc3 a3 40. h5 a2 41. h6 Qb8+ 42. f4 Qf8 43. Qa4 Qc5 44. Qe8+ Kh7 45. Qxf7+ Kxh6 46. Qg8 Qxc3+ 47. Kg4 a1=Q 48. Qf8+ Qg7 49. Qd8 Qg1+ 50. Kh4 Qh2+ 51. Kg4 Qh5+ 52. Kg3 Qc3+ 53. Kf2 Qhc5+ 54. Kf1 Q5c4+ 55. Kg1 Q4d4+ 56. Kh1 Qxd8 57. f5 Qdd2 58. fxg6 Qcc1# 0-1


[Site "https://www.chess.com"]

[Event "Titled Tuesday Blitz April 25 Late 2023"]
[White "Musovic, Armin"]
[Black "Gerbelli Neto, Eduardo"]
[WhiteFideId "939935"]
[BlackFideId "2103281"]
[WhiteElo "2322"]
[BlackElo "2178"]
[Result "0-1"]
[Round "11"]
[TimeControl "180+2"]
[Date "2023.04.25"]
[WhiteClock "0:00:09"]
[BlackClock "0:00:51"]

1. e4 e5 2. Nf3 Nc6 3. Nc3 Nf6 4. a3 d5 5. Bb5 Nxe4 6. Qe2 Nxc3 7. Qxe5+ Qe7 8. dxc3 a6 9. Bxc6+ bxc6 10. Bf4 Qxe5+ 11. Bxe5 Bf5 12. Nd4 Bg6 13. Nxc6 Kd7 14. Nd4 Re8 15. f4 f6 16. Nf3 Bd6 17. O-O-O fxe5 18. fxe5 Bxe5 19. Rxd5+ Bd6 20. Rhd1 Kc6 21. b4 Kb7 22. c4 Be4 23. R5d4 Bf4+ 24. Kb1 Bxf3 25. gxf3 Be5 26. Rd7 Rhf8 27. Re1 Bf6 28. Red1 Rd8 29. c5 Kc6 30. R7d3 Rxd3 31. cxd3 Be5 32. Rf1 Kd5 33. Kc2 Rf6 34. a4 Bxh2 35. Kb3 Be5 36. Rh1 Rh6 37. Rg1 Rh2 38. a5 Rb2+ 39. Ka4 Ra2+ 40. Kb3 Rd2 41. Rg4 Rxd3+ 42. Ka4 c6 43. f4 Bb2 44. b5 axb5+ 45. Kb4 Ba3# 0-1


[Site "https://www.chess.com"]

[Event "Titled Tuesday Blitz April 25 Late 2023"]
[White "Degtiarev, Evgeny"]
[Black "Karamsetty, Jeevan"]
[WhiteFideId "4149610"]
[BlackFideId "2025337"]
[WhiteElo "2284"]
[BlackElo "2111"]
[Result "0-1"]
[Round "11"]
[TimeControl "180+2"]
[Date "2023.04.25"]
[WhiteClock "0:00:01"]
[BlackClock "0:00:04"]

1. d4 g6 2. c4 Bg7 3. Nc3 d6 4. e4 e5 5. d5 a5 6. h4 f5 7. h5 Nf6 8. h6 Bf8 9. Bg5 Na6 10. Nge2 Nc5 11. Ng3 f4 12. Nge2 Be7 13. Qc2 Nxd5 14. Nxd5 Bxg5 15. Nec3 c6 16. b4 axb4 17. Nxb4 Qa5 18. Rb1 f3 19. gxf3 O-O 20. Be2 Be6 21. Kf1 Rf7 22. Kg2 Raf8 23. Nd3 Bxc4 24. Nxe5 Bxe2 25. Nxf7 Bxf3+ 26. Kxf3 Rxf7+ 27. Kg2 Bf6 28. Ne2 Be5 29. Rh3 Qd8 30. f4 Bxf4 31. Nxf4 Qg5+ 32. Rg3 Qxf4 33. Re1 Qxh6 34. e5 Qf4 35. exd6 Qxd6 36. Re8+ Kg7 37. Qc3+ Qf6 38. Qxf6+ Rxf6 39. Re7+ Rf7 40. Rge3 h6 41. Rxf7+ Kxf7 42. Rc3 b6 43. Rc4 Kf6 44. Kf3 g5 45. Rd4 Ke5 46. Rd8 h5 47. Rg8 Kf5 48. Rc8 g4+ 49. Kg2 h4 50. Rxc6 Kf4 51. Rf6+ Kg5 52. Rxb6 Ne4 53. Rb5+ Kf4 0-1


[Site "https://www.chess.com"]

[Event "Titled Tuesday Blitz April 25 Late 2023"]
[White "Liu, Eric"]
[Black "Novikova, Galina"]
[WhiteFideId "30960240"]
[BlackFideId "4157095"]
[WhiteElo "2094"]
[BlackElo "1953"]
[Result "1-0"]
[Round "11"]
[TimeControl "180+2"]
[Date "2023.04.25"]
[WhiteClock "0:01:53"]
[BlackClock "0:00:06"]

1. b3 g6 2. Bb2 Nf6 3. e3 Bg7 4. h4 d5 5. Qc1 Nc6 6. h5 Bf5 7. h6 Bf8 8. c4 Qd7 9. Nf3 O-O-O 10. c5 Rg8 11. Bb5 Qe6 12. Ng5 Qd7 13. Nxf7 Re8 14. Ne5 Qe6 15. Nxc6 bxc6 16. Ba6+ Kd7 17. d4 Ng4 18. Nc3 Bxh6 19. Qd2 Nxe3 20. Rxh6 Ng4+ 21. Be2 Nxh6 22. Qxh6 Ref8 23. Qe3 Qf7 24. Nb1 Be4 25. Bg4+ Kd8 26. g3 h5 27. Be2 g5 28. Nd2 h4 29. O-O-O Bg2 30. gxh4 gxh4 31. Qh6 h3 32. Qxc6 h2 33. Bb5 Qe6 34. Qxe6 Bh3 35. Qxd5+ Kc8 36. Qa8# 1-0


[Site "https://www.chess.com"]

[Event "Titled Tuesday Blitz April 25 Late 2023"]
[White "Kubatko, Ivan"]
[Black "Bryant, Todd"]
[WhiteFideId "24111473"]
[BlackFideId "2031299"]
[WhiteElo "2285"]
[BlackElo "2075"]
[Result "1/2-1/2"]
[Round "11"]
[TimeControl "180+2"]
[Date "2023.04.25"]
[WhiteClock "0:00:12"]
[BlackClock "0:00:21"]

1. e4 c5 2. c3 Nf6 3. e5 Nd5 4. g3 Qc7 5. Nf3 Nc6 6. d4 cxd4 7. cxd4 d6 8. Bg2 dxe5 9. dxe5 Nxe5 10. O-O Be6 11. Nxe5 Qxe5 12. Re1 Qd6 13. Qa4+ Bd7 14. Qb3 Bc6 15. Rd1 e6 16. Nc3 O-O-O 17. Nxd5 exd5 18. Bf4 Qb4 19. Qd3 Bd6 20. a3 Qb6 21. Qf5+ Kb8 22. Qxf7 Bxf4 23. Qxf4+ Qc7 24. Qd4 Rhf8 25. Rac1 Qf7 26. b4 Qf6 27. f4 Qxd4+ 28. Rxd4 Rfe8 29. Rcd1 Re2 30. Bxd5 Bxd5 31. Rxd5 Rc8 32. Rd8 Rxd8 33. Rxd8+ Kc7 34. Rd3 Ra2 35. h3 Kc6 36. g4 Kb5 37. f5 Kc4 38. Rf3 Kd4 39. Rf2 Rxa3 40. Kg2 Ke5 41. g5 Rc3 42. f6 gxf6 43. gxf6 Rc8 44. f7 Rf8 45. Kg3 Ke6 46. Kg4 Rxf7 47. Rc2 Rd7 48. Rc5 Rd4+ 49. Kg5 Rxb4 50. Rc7 a5 51. Rxh7 a4 52. Rh8 a3 53. Ra8 Rb5+ 54. Kg6 Rb3 55. h4 b5 56. h5 b4 57. h6 Rg3+ 58. Kh5 Kf5 59. Kh4 Rg1 60. Ra4 a2 61. Rxa2 Rh1+ 62. Kg3 Rxh6 63. Rb2 Rb6 64. Kf3 Ke5 65. Ke3 Kd5 66. Kd3 Kc5 67. Rb3 Rh6 68. Kc2 Rh2+ 69. Kb1 Kc4 70. Rg3 Rh1+ 71. Kb2 Rh2+ 72. Kb1 Rd2 73. Rh3 Rd4 74. Rg3 Rf4 75. Rh3 Rf2 76. Rg3 Kb5 77. Rh3 Ka4 78. Rg3 b3 79. Rg8 Rf1+ 80. Kb2 Rf2+ 81. Kb1 Rf3 82. Ra8+ Kb4 83. Rb8+ Kc3 84. Rc8+ Kd2 85. Rd8+ Kc3 86. Rc8+ Kb4 87. Rb8+ Kc4 88. Rc8+ Kd5 89. Rd8+ Kc5 90. Rc8+ Kb5 91. Rb8+ Kc6 92. Kb2 Rf2+ 93. Kxb3 Rf3+ 94. Kb2 Rf2+ 95. Kb1 Rf5 96. Rb2 Kd6 97. Rd2+ Ke6 98. Rb2 Kd6 99. Ka2 Ra5+ 100. Kb1 Rc5 101. Rc2 Rb5+ 102. Rb2 Re5 103. Rd2+ Kc6 104. Rc2+ Kb5 105. Rb2+ Kc4 106. Rc2+ Kb3 107. Rb2+ Kc3 108. Rc2+ Kd3 109. Rb2 Re1+ 110. Ka2 Re6 111. Rb3+ Kc4 112. Rb2 Ra6+ 113. Kb1 Kc3 114. Rc2+ Kd3 115. Rb2 Rh6 116. Rb8 Rh1+ 117. Kb2 Rh2+ 1/2-1/2


[Site "https://www.chess.com"]

[Event "Titled Tuesday Blitz April 25 Late 2023"]
[White "Kovalevsky, Stanislav"]
[Black "Ardila, Oscar Humberto"]
[WhiteFideId "13508598"]
[BlackFideId "4404742"]
[WhiteElo "2174"]
[BlackElo "1918"]
[Result "1/2-1/2"]
[Round "11"]
[TimeControl "180+2"]
[Date "2023.04.25"]
[WhiteClock "0:00:17"]
[BlackClock "0:00:06"]

1. c4 Nf6 2. Nc3 g6 3. g3 Bg7 4. Bg2 O-O 5. e4 d6 6. Nge2 e5 7. O-O Nc6 8. h3 Be6 9. b3 Nd4 10. Nxd4 exd4 11. Ne2 c5 12. Nf4 Bd7 13. Nd3 Re8 14. e5 dxe5 15. Nxc5 Bc6 16. Bxc6 bxc6 17. Re1 e4 18. d3 Qd6 19. Nxe4 Nxe4 20. dxe4 d3 21. Bf4 Qd7 22. Rb1 Rad8 23. Kh2 Bc3 24. Re3 Bb4 25. Rb2 Bc5 26. Rf3 Rxe4 27. Rd2 Qe6 28. Rfxd3 Rxd3 29. Rxd3 Re2 30. Rf3 f5 31. Qd8+ Kf7 32. Qc7+ Kg8 33. Bh6 Qe7 34. Qxc6 Rxf2+ 35. Rxf2 Bxf2 36. Qd5+ Kh8 37. Bf4 h5 38. Be5+ Kh7 39. Kg2 Be1 40. Qd6 Qf7 41. Qc7 Qxc7 42. Bxc7 a6 43. c5 Kg7 44. c6 Kf7 45. Bd6 Ke6 46. c7 Kd7 47. Kf3 Ba5 48. Kf4 Bd2+ 49. Ke5 Bc3+ 50. Kd5 Ba5 51. b4 Bb6 52. a4 g5 53. b5 Bxc7 54. Bxc7 Kxc7 55. h4 gxh4 56. gxh4 f4 57. Ke4 axb5 58. axb5 f3 59. Kf4 Kb6 60. Kxf3 Kxb5 61. Kf4 Kc6 62. Kg5 Kd7 63. Kxh5 Ke8 64. Kg6 Kf8 65. Kh7 Kf7 66. h5 Kf8 67. Kh8 Kf7 68. h6 Kf8 69. h7 Kf7 1/2-1/2


[Site "https://www.chess.com"]

[Event "Titled Tuesday Blitz April 25 Late 2023"]
[White "Bogaudinov, Rushan"]
[Black "Gonzalez Zamora, Juan Carlos"]
[WhiteFideId "4129288"]
[BlackFideId "3507548"]
[WhiteElo "1967"]
[BlackElo "2535"]
[Result "0-1"]
[Round "11"]
[TimeControl "180+2"]
[Date "2023.04.25"]
[WhiteClock "0:00:10"]
[BlackClock "0:00:25"]

1. e4 d6 2. d4 Nf6 3. Bd3 g6 4. Ne2 Bg7 5. O-O O-O 6. b3 c5 7. Bb2 cxd4 8. Nxd4 Nc6 9. Nxc6 bxc6 10. c4 e5 11. Nc3 Be6 12. Qe2 Nh5 13. g3 Qd7 14. Rfe1 a5 15. Rad1 Rad8 16. Na4 Qc7 17. Ba3 Rfe8 18. Bb1 Bf8 19. Bc1 Bg7 20. Be3 c5 21. Nc3 Qc8 22. f3 f5 23. Bf2 Rf8 24. Nd5 Kh8 25. exf5 Bxf5 26. Bxf5 Qxf5 27. Kg2 Rf7 28. Qe4 Qc8 29. Be3 Rdf8 30. Rf1 a4 31. bxa4 Qa6 32. Nc3 Nf6 33. Qd3 Ne8 34. Rb1 Qa8 35. Qe4 Qa5 36. Rb3 Nf6 37. Qc6 Ng4 38. Bg1 Nh6 39. Qb5 Qa8 40. Nd5 Nf5 41. Re1 g5 42. h3 Ne7 43. Rd1 Nxd5 44. Rxd5 Qd8 45. a5 Qf6 46. a6 e4 47. Bf2 exf3+ 48. Kh2 Qe6 49. Rd2 Be5 50. Qc6 Qxc4 51. Qd5 Qf1 52. Bxc5 f2 53. Qg2 Qxg2+ 54. Kxg2 f1=Q+ 55. Kh2 Rf2+ 56. Rxf2 Rxf2+ 57. Bxf2 Qxf2+ 58. Kh1 Qf1+ 59. Kh2 Qxa6 60. Kg2 Qxa2+ 0-1


[Site "https://www.chess.com"]

[Event "Titled Tuesday Blitz April 25 Late 2023"]
[White "Pinto, Daniel"]
[Black "Prieto Aranguren, Alain"]
[WhiteFideId "3303144"]
[BlackFideId "2268906"]
[WhiteElo "2145"]
[BlackElo "2209"]
[Result "0-1"]
[Round "11"]
[TimeControl "180+2"]
[Date "2023.04.25"]
[WhiteClock "0:00:14"]
[BlackClock "0:01:26"]

1. e4 c6 2. d4 d5 3. e5 Bf5 4. h4 h5 5. Bd3 Bxd3 6. Qxd3 e6 7. Bg5 Qb6 8. Nc3 Nh6 9. Nf3 Nf5 10. O-O Na6 11. a3 Nc7 12. b4 Nb5 13. Na4 Qa6 14. Nb2 Nbxd4 15. Qxa6 Nxf3+ 16. gxf3 bxa6 17. c4 Be7 18. cxd5 cxd5 19. Rac1 O-O 20. Rc7 Bxg5 21. hxg5 Rfb8 22. Nd3 Nd4 23. f4 Nb5 24. Rc6 Nxa3 25. Rxa6 Nc4 26. Rfa1 Rb7 27. Kg2 g6 28. Kf3 Kg7 29. Ke2 h4 30. Rh1 Rh8 31. Kf3 Nd2+ 32. Kg4 Ne4 33. Rh2 Rc7 34. Rxh4 Rxh4+ 35. Kxh4 Rc3 36. Nc5 Nxf2 0-1


[Site "https://www.chess.com"]

[Event "Titled Tuesday Blitz April 25 Late 2023"]
[White "Baltic, Fatih"]
[Black "Kostiukov, Alexandr"]
[WhiteFideId "12979090"]
[BlackFideId "14108100"]
[WhiteElo "2200"]
[BlackElo "2202"]
[Result "1-0"]
[Round "11"]
[TimeControl "180+2"]
[Date "2023.04.25"]
[WhiteClock "0:00:58"]
[BlackClock "0:00:02"]

1. e4 c5 2. d4 cxd4 3. c3 g6 4. cxd4 d5 5. e5 Bg7 6. Bb5+ Nc6 7. Bxc6+ bxc6 8. Nc3 Nh6 9. Nge2 O-O 10. O-O f6 11. exf6 exf6 12. Bf4 Nf5 13. Na4 g5 14. Bg3 h5 15. h3 Re8 16. Nc5 Nxg3 17. Nxg3 h4 18. Ne2 Bf8 19. Rc1 Bxc5 20. dxc5 Ba6 21. Nd4 Bxf1 22. Qxf1 Qd7 23. Qa6 Rac8 24. b4 Re4 25. Rd1 g4 26. hxg4 Rxg4 27. Qd3 Re8 28. Nf5 Rf4 29. Nd6 Re5 30. a4 Rxb4 31. Qf3 Qg4 32. Qxf6 Qxd1+ 33. Kh2 Qh5 34. Qd8+ Kh7 35. Qd7+ Kh6 36. Nf7+ Kg6 37. Nd6 Rf4 38. Qxc6 Kg5 39. Qd7 Rxf2 40. Qg7+ Qg6 41. Qxe5+ Kh6 42. Qe3+ Qg5 43. Qxf2 d4 44. Nf7+ 1-0


[Site "https://www.chess.com"]